 Dungeon Crawl Stone Soup version 0.31-a0-844-gdc52ec4e09 (webtiles) character file.

Game seed: 6991886574554592897

1815967 Flugkiller the Necrodancer (level 25, 194/194 HPs)
             Began as a Mummy Reaver on Sept 29, 2023.
             Was a Follower of Uskayaw.
             Escaped with the Orb
             ... and 3 runes!
             The game lasted 02:12:14 (57679 turns).

Flugkiller the Necrodancer (Mummy Reaver)          Turns: 57679, Time: 02:12:15

Health: 194/194    AC: 31    Str: 16      XL:     25   Next: 92%
Magic:  40/40      EV: 22    Int:  8 (18) God:    Uskayaw [*.....]
Gold:   7746       SH: 20    Dex: 30 (34) Spells: 27/38 levels left

rFire   + + +        a - +8 arc blade {discharge, rElec}
rCold   + + .        Q - +5 kite shield {AC+3}
rNeg    + + +        o - +4 fire dragon scales of the Baleful God {Drain rF++ rC- Regen+ rCorr Dex+7}
rPois   ∞            M - +2 helmet
rElec   +            P - +0 cloak of Doriloakk {rF+ rC++ Dex+3}
rCorr   +            h - +2 pair of gloves of Insurance {rF++ Int+2}
SInv    +            O - +2 pair of boots {Stlth+}
Will    +++..        H - amulet of Vitality {RegenMP++ Regen++}
Stlth   ++           j - +4 ring of slaying
HPRegen 2.92/turn    w - ring of Kahis {rN+++ Dex+6 Slay+6 SInv Stlth-}
MPRegen 1.07/turn

%: faith
@: studying 3 skills
A: cold resistance 1, negative energy resistance 3, torment resistance 2, heat
vulnerability 1, in touch with death 2, no potions, faith
0: Orb of Zot
}: 3/15 runes: decaying, serpentine, slimy
a: Renounce Religion, Stomp


You escaped.
You worshipped Uskayaw.
Uskayaw was exalted by your worship.
You visited 12 branches of the dungeon, and saw 55 of its levels.
You also visited: Trove, Ossuary, Bailey, Gauntlet, Ice Cave and Wizlab.

You collected 8339 gold pieces.
You spent 593 gold pieces at shops.

Inventory:

Hand Weapons
 a - the +8 arc blade (weapon) {discharge, rElec}
   (You acquired it in a bailey)

   rElec:     It insulates you from electricity.
 b - a +8 vampiric rapier
   (You acquired it on level 8 of the Dungeon)
Missiles
 n - 3 throwing nets (quivered)
 R - 10 curare-tipped darts
Armour
 h - the +2 pair of gloves of Insurance (worn) {rF++ Int+2}
   (You acquired it on level 13 of the Dungeon)

   Int+2:     It affects your intelligence (+2).
   rF++:      It greatly protects you from fire.
 o - the +4 fire dragon scales of the Baleful God (worn) {Drain rF++ rC- Regen+ rCorr Dex+7}
   (You took it off a minotaur in a Gauntlet)

   Dex+7:     It affects your dexterity (+7).
   rF++:      It greatly protects you from fire.
   rC-:       It makes you vulnerable to cold.
   Regen+:    It increases your rate of health regeneration.
   rCorr:     It protects you from acid and corrosion.
   Drain:     It drains your maximum health when unequipped.
 M - a +2 helmet (worn)
   (You bought it in a shop on level 2 of the Orcish Mines)
 O - a +2 pair of boots of stealth (worn)
   (You found it in an ice cave)
 P - the +0 cloak of Doriloakk (worn) {rF+ rC++ Dex+3}
   (You found it in a Gauntlet)

   Dex+3:     It affects your dexterity (+3).
   rF+:       It protects you from fire.
   rC++:      It greatly protects you from cold.
 Q - a +5 kite shield of protection (worn)
   (You took it off a minotaur in a Gauntlet)
Jewellery
 c - the ring "Quat" {Dex+6 SInv}
   (You found it in a treasure trove)

   [ring of dexterity]

   Dex+6:     It affects your dexterity (+6).
   SInv:      It lets you see invisible.
 i - a ring of flight
   (You found it on level 3 of the Elven Halls)
 j - a +4 ring of slaying (left hand)
   (You found it in a treasure trove)
 q - the ring of Qeriv {rCorr EV+5 Str+4}
   (You found it in a treasure trove)

   [ring of evasion]

   EV+5:      It affects your evasion (+5).
   Str+4:     It affects your strength (+4).
   rCorr:     It protects you from acid and corrosion.
 w - the ring of Kahis (right hand) {rN+++ Dex+6 Slay+6 SInv Stlth-}
   (You acquired it on level 13 of the Dungeon)

   [ring of dexterity]

   Dex+6:     It affects your dexterity (+6).
   Slay+6:    It affects your accuracy & damage with ranged weapons and melee
   (+6).
   rN+++:     It renders you almost immune to negative energy.
   SInv:      It lets you see invisible.
   Stlth-:    It makes you less stealthy.
 H - the amulet of Vitality (around neck) {RegenMP++ Regen++}
   (You found it in a treasure trove)

   [amulet of magic regeneration]

   RegenMP:   It increases your rate of magic regeneration.
   Regen++:   It increases your rate of health regeneration.
 I - the ring of Beogh's Respect {rF++ rC+ Stlth+}
   (You found it in a treasure trove)

   [ring of protection from cold]

   rF++:      It greatly protects you from fire.
   rC+:       It protects you from cold.
   Stlth+:    It makes you more stealthy.
 T - the ring of Xom's Passing Interest {rElec rC+ MP+9 Int+4}
   (You found it in a treasure trove)

   [ring of magical power]

   Int+4:     It affects your intelligence (+4).
   rC+:       It protects you from cold.
   rElec:     It insulates you from electricity.
   MP+9:      It affects your magic capacity (+9).
 U - the ring "Pynyutou" {rElec rPois rF+ Will+}
   (You took it off a deep elf sorcerer on level 3 of the Elven Halls)

   [ring of protection from fire]

   rF+:       It protects you from fire.
   rElec:     It insulates you from electricity.
   rPois:     It protects you from poison Will+: It increases your willpower.
Wands
 d - a wand of mindburst (14)
   (You found it on level 3 of the Swamp)
 k - a wand of roots (39)
   (You found it on level 6 of the Dungeon)
 r - a wand of flame (31)
   (You found it on level 5 of the Pits of Slime)
 G - a wand of charming (77)
   (You took it off a naga on level 2 of the Lair of Beasts)
 J - a wand of quicksilver (46)
   (You found it on level 3 of the Lair of Beasts)
 K - a wand of digging (15)
   (You found it on level 4 of the Lair of Beasts)
 L - a wand of polymorph (23)
   (You found it on level 3 of the Lair of Beasts)
Scrolls
 f - a scroll of silence
 g - 6 scrolls of fear
 l - 11 scrolls of fog
 s - 15 scrolls of immolation
 t - 14 scrolls of teleportation
 u - 3 scrolls of butterflies
 x - 5 scrolls of poison
 z - 6 scrolls of blinking
 B - 5 scrolls of torment
 F - 5 scrolls of vulnerability
Miscellaneous
 e - a lightning rod (4/4)
   (You found it on level 12 of the Dungeon)
 D - a sack of spiders
   (You found it on level 10 of the Dungeon)
 N - a phial of floods
   (You found it in a Gauntlet)
 S - a condenser vane
   (You found it in a Gauntlet)


   Skills:
 - Level 15.1 Fighting
 - Level 14.0 Short Blades
 - Level 2.4 Polearms
 - Level 11.0 Armour
 + Level 16.1 Dodging
 - Level 15.0 Stealth
 - Level 12.0 Shields
 - Level 7.0 Spellcasting
 - Level 5.0 Conjurations
 - Level 2.0 Translocations
 - Level 8.0 Ice Magic
 O Level 27 Invocations
 - Level 3.0 Evocations


You had 27 spell levels left.
You knew the following spells:

 Your Spells              Type           Power      Damage    Failure   Level
a - Kiss of Death         Conj/Necr      60%        2d10      45%         1
b - Momentum Strike       Conj/Tloc      16%        3d8       45%         2
c - Hailstorm             Conj/Ice       13%        3d5       30%         3
d - Frozen Ramparts       Ice            30%        1d5       16%         3
r - Blink                 Tloc           12%        N/A       67%         2

Your spell library contained the following spells:

 Spells                   Type           Power      Damage    Failure   Level
 Freeze                   Ice            60%        1d7       5%          1
 Ensorcelled Hibernation  Hex/Ice        18%        N/A       38%         2
 Shock                    Conj/Air       24%        1d4       45%         1
 Apportation              Tloc           12%        N/A       54%         1
 Static Discharge         Conj/Air       12%        2-3/arc   61%         2
 Lesser Beckoning         Tloc           12%        N/A       67%         2
 Necrotise                Necr           24%        1d5       82%         1
 Slow                     Hex            8%         N/A       82%         1
 Summon Small Mammal      Summ           8%         N/A       82%         1
 Dazzling Flash           Conj/Hex       12%        N/A       83%         3
 Stone Arrow              Conj/Erth      12%        3d7       83%         3
 Gell's Gravitas          Tloc           6%         N/A       88%         3
 Teleport Other           Tloc           6%         N/A       88%         3
 Cigotuvi's Dreadful Rot  Necr/Pois/Air  12%        N/A       91%         2
 Jinxbite                 Hex            4%         N/A       91%         2
 Passwall                 Tmut/Erth      1%         N/A       91%         2
 Poisonous Vapours        Pois/Air       4%         N/A       91%         2
 Scorch                   Fire           4%         2d5       91%         2
 Mephitic Cloud           Conj/Pois/Air  5%         N/A       92%         3
 Iskenderun's Mystic Bla  Conj/Tloc      8%         2d4       98%         4
 Call Canine Familiar     Summ           2%         N/A       99%         3
 Confusing Touch          Hex            2%         N/A       99%         3
 Summon Guardian Golem    Hex/Summ       2%         N/A       99%         3
 Swiftness                Air            2%         N/A       99%         3
 Tukima's Dance           Hex            2%         N/A       99%         3
 Vampiric Draining        Necr           6%         2d6       99%         3
 Brom's Barrelling Bould  Conj/Erth      6%         2d3       99%         4
 Flame Wave               Conj/Fire      6%         2d5       99%         4
 Fulminant Prism          Conj/Hex       3%         3d5       99%         4
 Manifold Assault         Tloc           6%         N/A       99%         4
 Passage of Golubria      Tloc           6%         N/A       99%         4
 Sticky Flame             Conj/Fire      6%         2d3       99%         4
 Iskenderun's Battlesphe  Conj           10%        2d6       99%         5
 Airstrike                Air            1%         2d(1-17)  100%        4
 Anguish                  Hex/Necr       3%         N/A       100%        4
 Animate Armour           Summ/Erth      4%         N/A       100%        4
 Cause Fear               Hex            1%         N/A       100%        4
 Dimensional Bullseye     Hex/Tloc       2%         N/A       100%        4
 Leda's Liquefaction      Hex/Erth       1%         N/A       100%        4
 Olgreb's Toxic Radiance  Pois           2%         N/A       100%        4
 Petrify                  Tmut/Erth      2%         N/A       100%        4
 Summon Lightning Spire   Summ/Air       2%         N/A       100%        4
 Vhi's Electric Charge    Tloc/Air       8%         N/A       100%        4
 Agony                    Necr           6%         N/A       100%        5
 Arcjolt                  Conj/Air       3%         1d13      100%        5
 Fireball                 Conj/Fire      3%         3d4       100%        5
 Freezing Cloud           Conj/Ice/Air   4%         6-21      100%        5
 Irradiate                Conj/Tmut      3%         3d12      100%        5
 Lee's Rapid Deconstruct  Erth           1%         3d4*      100%        5
 Metabolic Englaciation   Hex/Ice        4%         N/A       100%        5
 Silence                  Hex/Air        1%         N/A       100%        5
 Summon Forest            Summ/Tloc      2%         N/A       100%        5
 Summon Mana Viper        Hex/Summ       2%         N/A       100%        5
 Yara's Violent Unravell  Hex/Tmut       1%         3d3       100%        5
 Bombard                  Conj/Erth      3%         9d1       100%        6
 Conjure Ball Lightning   Conj/Air       3%         3x3d6     100%        6
 Dispersal                Tloc           3%         N/A       100%        6
 Eringya's Noxious Bog    Tmut/Pois      1%         4d6       100%        6
 Simulacrum               Ice/Necr       10%        N/A       100%        6
 Summon Cactus Giant      Summ           1%         N/A       100%        6
 Enfeeble                 Hex            1%         N/A       100%        7
 Haunt                    Necr/Summ      3%         N/A       100%        7
 Malign Gateway           Summ/Tloc      2%         N/A       100%        7
 Orb of Destruction       Conj           5%         9d5       100%        7
 Spellforged Servitor     Conj/Summ      3%         N/A       100%        7
 Summon Hydra             Summ           1%         N/A       100%        7
 Discord                  Hex            1%         N/A       100%        8
 Disjunction              Tloc           3%         N/A       100%        8
 Ignition                 Fire           1%         3d3       100%        8
 Lehudib's Crystal Spear  Conj/Erth      3%         10d2      100%        8
 Maxwell's Capacitive Co  Air            1%         ∞         100%        8
 Summon Horrible Things   Summ           1%         N/A       100%        8
 Chain Lightning          Conj/Air       3%         3d4       100%        9
 Dragon's Call            Summ           1%         N/A       100%        9
 Fire Storm               Conj/Fire      3%         8d1       100%        9
 Polar Vortex             Ice            7%         12d1*     100%        9
 Shatter                  Erth           1%         3d5*      100%        9
 Sublimation of Blood     Necr           Unusable   N/A       N/A         2
 Borgnjor's Revivificati  Necr           Unusable   N/A       N/A         8
 Death's Door             Necr           Unusable   N/A       N/A         9

Dungeon Overview and Level Annotations

Branches:
Dungeon (15/15)            Temple (1/1) D:6            Lair (5/5) D:9
  Swamp (4/4) Lair:3        Snake (4/4) Lair:2        Slime (5/5) Lair:5
    Orc (2/2) D:11            Elf (3/3) Orc:2        Vaults (4/5) D:14
  Crypt (3/3) Vaults:3       Tomb (0/3) Crypt:3      Depths (4/4) D:15
    Zot (5/5) Depths:4    Ossuary (visited)          Bailey (visited)
  IceCv (visited)          WizLab (visited)         Gauntlet (visited)

Altars:
Ashenzari
Cheibriados
Dithmenos
Fedhas
Gozag
Hepliaklqana
Kikubaaqudgha
Makhleb
Nemelex Xobeh
Okawaru
Qazlal
Ru
Sif Muna
Trog
Uskayaw
Vehumet
Wu Jian
Xom
Yredelemnul
Jiyva

Shops:
Orc:2 :(*:[   Elf:1 :![   Elf:2 *   Elf:3 *   Snake:2 *   Snake:4 (
Vaults:1 [   Vaults:3 [   Depths:4 ?

Portals:
Hell: Depths:1 Depths:2 Depths:3 Depths:4
Abyss: Depths:3
Pandemonium: Depths:1
Ziggurat: Depths:3

Annotations:
D:8 2 transporters, Yorgos's ghost, novice GrFi
D:12 1 runed translucent door, Dirtsage's ghost, journeyman DsBe
D:15 3 runed translucent doors, Behejivea's ghost, adept DsEE
Lair:1 2 transporters
Swamp:2 Roxanne
Vaults:2 2 transporters, Fauhuump's ghost, adept TeAE; Mennas
Crypt:1 1 runed translucent door, bmj180's ghost, veteran DrCj
Depths:2 big tzitz


Innate Abilities, Weirdness & Mutations

You are immune to poison.
Your flesh is cold resistant. (rC+)
You are immune to negative energy. (rN+++)
You are immune to unholy pain and torment.
You are vulnerable to heat. (rF-)
You are strongly in touch with the powers of death.
You do not drink.
You have a special connection with the divine. (Faith)


Message History

There is a stone staircase leading up here.
You climb upwards.
There is a stone staircase leading down here.
A sun demon comes into view.
There is a stone staircase leading up here.
You climb upwards.
There is a stone staircase leading down here.
A hell beast comes into view.
There is a stone staircase leading up here.
You climb upwards.
There is a stone staircase leading down here.
There is a stone staircase leading up here.
You climb upwards.
There is a stone staircase leading down here. 2 hell hogs come into view.
Unknown command.
A hell hog comes into view.
There is an open door here.
You puncture the hell hog!
The hell hog is moderately wounded.
You puncture the hell hog!
The arc blade crackles.
The hell hog is struck by an arc of lightning!
The hell hog is severely wounded.
The hell hog is struck by an arc of lightning.
The hell hog is lightly wounded.
The hell hog is struck by an arc of lightning!
The hell hog is lightly wounded.
The hell hog is struck by an arc of lightning.
The hell hog is lightly wounded.
The hell hog is struck by an arc of lightning!!
The hell hog is almost dead.
You resist.
You are struck by an arc of lightning.
The hell hog is struck by an arc of lightning!
You kill the hell hog!
The lightning grounds out.
The hell hog breathes fire at you.
The fireball explodes!
The fireball engulfs you. You resist.
You can now pass through a line of other dancers.
Your Dodging skill increases to level 16!
You puncture the hell hog!
The arc blade crackles.
The hell hog is struck by an arc of lightning.
The hell hog is heavily wounded.
You resist.
You are struck by an arc of lightning.
The hell hog is heavily wounded.
You block the hell hog's attack.
You puncture the hell hog!
The hell hog is severely wounded.
The hell hog breathes fire at you.
The fireball explodes!
The fireball engulfs you. You resist.
The fireball engulfs the hell hog.
The hell hog completely resists.
The fireball engulfs the hell hog.
The hell hog completely resists.
You block the hell hog's attack.
You puncture the hell hog!
The hell hog is almost dead.
The hell hog closely misses you. You block the hell hog's attack.
You barely miss the hell hog.
The hell hog is almost dead.
You puncture the hell hog!
The arc blade crackles.
The hell hog is struck by an arc of lightning!
The hell hog is moderately wounded.
You resist.
You are struck by an arc of lightning.
The hell hog is struck by an arc of lightning.
The hell hog is moderately wounded.
You resist.
You are struck by an arc of lightning.
You kill the hell hog!
The hell hog breathes fire at you.
The fireball explodes!
The fireball engulfs you. You resist.
The fireball engulfs the hell hog.
The hell hog completely resists.
Uskayaw will force your foes to helplessly watch your dance.
Uskayaw prepares the audience for your solo!
The helpless hell hog fails to defend itself.
You spit the hell hog like the proverbial pig!!!!!
You kill the hell hog!
No target in view!
No target in view!
No target in view!
No target in view!
You see here a hell hog corpse.
HP restored.
You see here a +0 club.
There is an open door here.
You see here a +0 hand axe.
There is a stone staircase leading up here.
You climb upwards.
There is a stone staircase leading down here.
Things that are here:
a +0 whip; a +0 club
There is a stone staircase leading up here.
You see here a scroll of noise.
You climb upwards.
There is a stone staircase leading down here.
There is a stone staircase leading up here.
You climb upwards.
There is a stone staircase leading down here.
You see here a +0 dagger.
There is an open door here.
There is a staircase leading out of the dungeon here.
Unknown command.
Enter note: gg You have escaped!

#.# ####.#
######...)#
########......####
#....#.#.######
#.##.'.#.#
#....#.#.#
#....#...#
#@...+..##
#....#.## #....#.#
#.##.+.# #....#.#
########


There were no monsters in sight!

Vanquished Creatures
  the Royal Jelly (Slime:5)
  2 orbs of fire (Zot:5)
  3 ancient liches (Zot:5)
  Sojobo (Depths:1)
  Bai Suzhen (Swamp:4)
  Vv (Depths:3)
  Frederick (Vaults:2)
  Saint Roka (Orc:2)
  Vashnia (Snake:4)
  4 Killer Klowns
  Margery (Vaults:2)
  3 curse toes
  12 golden dragons
  Jory (Crypt:1)
  Norris (Vaults:2)
  2 doom hounds (Depths:2)
  Zenata (Crypt:2)
  2 Tzitzimimeh (Depths:3)
  3 electric golems
  Mlioglotl (Swamp:1)
  11 tentacled monstrosities
  24 Orb Guardians
  Grunn (Depths:2)
  2 walking earthen tomes
  3 deep elf blademasters
  A walking crystal tome (Depths:4)
  Asterion (Snake:1)
  5 liches
  5 sphinxes
  2 titans
  7 quicksilver dragons
  3 walking divine tomes
  2 walking frostbound tomes (Depths:4)
  20 acid blobs
  2 deep elf master archers (Elf:3)
  6 death cobs
  Frances (Snake:1)
  Agnes (Elf:1)
  7 ancient champions
  4 shadow dragons
  Kirke (Lair:3)
  6 tengu reavers
  A thorn hunter (Swamp:4)
  Donald (Swamp:4)
  5 storm dragons
  8 draconian monks
  A revenant (Crypt:1)
  10 rockslimes
  3 azure jellies
  5 nagarajas (Snake:4)
  11 frost giants
  A fire giant (Depths:2)
  13 vault wardens
  A draconian knight (Zot:5)
  4 draconian shifters
  Aizul (Vaults:2)
  3 ghost moths
  Louise (D:15)
  4 draconian scorchers
  6 deep elf sorcerers
  4 deep elf elementalists (Elf:3)
  A caustic shrike zombie (Crypt:3)
  11 ghouls
  5 curse skulls
  2 balrugs
  A juggernaut skeleton (Crypt:3)
  A draconian stormcaller (WizLab)
  An orc warlord (Vaults:4)
  A war gargoyle (Vaults:4)
  7 draconian annihilators
  8 ironbound preservers
  A juggernaut zombie (Crypt:3)
  2 spriggan defenders
  10 stone giants
  5 quicksilver oozes
  4 formless jellyfish
  11 very ugly things
  8 deep elf demonologists (Elf:3)
  10 ironbound thunderhulks
  9 green draconians
  14 eleionomae
  10 vampire knights
  Azrael (Elf:1)
  6 bunyips
  13 black draconians
  The ghost of Geasohic the Cleaver, a journeyman VSSh of Hepliaklqana (Orc:1)
  10 deep elf annihilators
  8 white draconians
  7 spark wasps
  12 purple draconians
  11 red draconians
  A minotaur (Gauntlet)
  6 deep elf death magi
  7 yellow draconians
  11 dire elephants
  5 eidola
  5 ettins
  A blizzard demon (D:15)
  3 statues (WizLab)
  A crystal guardian (Vaults:4)
  A shambling mangrove (Swamp:1)
  4 jiangshi (Crypt:2)
  2 entropy weavers
  Josephine (D:14)
  5 yaktaur captains
  4 deep elf high priests (Elf:3)
  The ghost of WhatIsLove the Thaumaturge, a journeyman DjFE of Makhleb (D:10)
  Fannar (D:11)
  9 great orbs of eyes
  8 vault guards
  6 fire dragons
  4 salamander tyrants (Snake:4)
  5 spriggan air magi
  A ghost crab (Lair:3)
  A peacekeeper (Vaults:4)
  A rakshasa (Depths:2)
  13 ice dragons
  19 hydras
  Erolcha (Orc:1)
  7 anacondas
  24 centaur warriors
  4 ogre magi
  8 death knights
  6 ironbound frosthearts
  6 deep troll shamans
  A boulder beetle (Lair:3)
  A two-headed ogre (shapeshifter) (Elf:1)
  6 alligators
  14 naga warriors
  A tengu warrior (Depths:4)
  11 naga sharpshooters
  21 two-headed ogres
  2 vampire magi
  10 deep troll earth magi
  3 hell hogs (D:4)
  3 orc high priests (Orc:2)
  2 spectral storm dragons (Crypt:1)
  26 dancing weapons
  Sonja (Orc:2)
  Urug (Lair:3)
  7 spriggan berserkers
  3 shock serpents (Snake:4)
  2 sun demons (Depths:3)
  6 hell knights
  2 fire crabs
  5 skysharks
  20 skeletal warriors
  21 spriggans
  A soul eater (Crypt:1)
  A wretched star (Gauntlet)
  10 iron trolls
  20 deep elf knights
  A death drake (Swamp:1)
  2 anaconda zombies
  A sixfirhy (Depths:1)
  7 salamander mystics
  8 naga ritualists
  3 spriggan druids
  42 deep trolls
  14 deep elf archers
  5 glowing orange brains
  9 swamp dragons
  3 bog bodies
  6 flayed ghosts
  4 goliath frogs
  17 phantasmal warriors
  17 ironbound convokers
  4 lindwurms
  10 wizards
  An anaconda skeleton (Crypt:2)
  11 necromancers
  26 deep elf zephyrmancers
  28 deep elf pyromancers
  9 orc knights
  2 human zombies (Vaults:1)
  A will-o-the-wisp (Swamp:3)
  4 orc sorcerers (Orc:2)
  7 shining eyes (Slime:5)
  9 mana vipers
  2 spectral ice dragons (Crypt:1)
  26 ugly things
  2 spectral fire dragons (Crypt:1)
  25 moths of wrath
  4 manticores
  14 salamanders
  6 cyclopes
  Maurice (Orc:2)
  A fire giant skeleton (Vaults:1)
  A rust devil (Depths:1)
  13 naga magi
  13 elephants
  A stone giant skeleton (Crypt:3)
  7 guardian serpents
  An eye of devastation (shapeshifter) (Depths:2)
  26 black mambas
  14 vault sentinels
  A frost giant skeleton (Vaults:1)
  3 gargoyles
  5 centaur skeletons
  2 ice statues (IceCv)
  A torpor snail (Lair:4)
  An unseen horror (D:10)
  18 cane toads
  2 eyes of devastation (Slime:5)
  A dire elephant skeleton (Crypt:1)
  A rime drake (Lair:3)
  A yellow draconian zombie (Crypt:2)
  An alligator snapping turtle skeleton (Crypt:1)
  31 yaktaurs
  A yaktaur zombie (Vaults:1)
  11 freezing wraiths
  2 rime drakes (shapeshifter)
  8 komodo dragons
  An efreet (D:13)
  A tormentor (Depths:2)
  An unseen horror zombie (D:8)
  2 kobold demonologists (Bailey)
  24 tengu conjurers
  A death yak skeleton (Crypt:3)
  A steelbarb worm zombie (Crypt:1)
  A catoblepas skeleton (Crypt:3)
  6 ice devils
  A red devil (Depths:1)
  A black draconian skeleton (Crypt:1)
  5 guardian mummies (Crypt:3)
  5 trolls
  A yaktaur skeleton (Vaults:1)
  16 hornets
  7 polar bears
  A harpy skeleton (Crypt:3)
  10 tyrant leeches
  20 blink frogs
  An ettin zombie (Vaults:1)
  2 tarantellas
  5 dream sheep
  A deep troll zombie (Vaults:1)
  A snapping turtle (shapeshifter) (Elf:3)
  74 slime creatures
  A jumping spider (Vaults:3)
  10 centaur simulacra
  A shadow (D:11)
  21 flying skulls
  A spriggan (shapeshifter) (Elf:1)
  A culicivora (shapeshifter) (Elf:2)
  A black mamba skeleton (Crypt:1)
  A dire elephant simulacrum (IceCv)
  5 air elementals
  59 yaks
  2 vampires
  3 water elementals
  9 wraiths
  9 wyverns
  6 basilisks
  7 fire elementals
  3 golden eyes (Slime:5)
  A neqoxec (Gauntlet)
  A human (Lair:3)
  3 redbacks
  5 steam dragons
  5 vampire mosquitoes
  2 yaktaur simulacra (Vaults:1)
  A harpy simulacrum (IceCv)
  A naga zombie (Crypt:3)
  49 nagas
  14 swamp worms
  9 wargs
  Duvessa (D:4)
  9 water moccasins
  A glowing shapeshifter zombie (Crypt:2)
  2 acid dragons
  2 merfolk zombies
  4 hell hounds (Elf:1)
  A meliai simulacrum (D:12)
  A spectral torpor snail (Lair:3)
  A demonspawn skeleton (Crypt:3)
  36 orc warriors
  11 swamp drakes
  A two-headed ogre skeleton (Crypt:3)
  6 black bears
  An ice beast (D:5)
  A spectral rime drake (Lair:3)
  An ettin simulacrum (Vaults:1)
  12 ogres
  36 wolves
  3 boggarts
  A snapping turtle skeleton (Crypt:2)
  10 centaurs
  2 phantoms
  2 human skeletons (Vaults:1)
  An elf zombie (D:6)
  3 kobold brigands (D:7)
  3 earth elementals
  A cyclops zombie (Crypt:2)
  15 bullfrogs
  3 elf skeletons (D:6)
  A two-headed ogre simulacrum (IceCv)
  2 necrophages (Crypt:2)
  8 scorpions
  A cane toad simulacrum (Gauntlet)
  A cyclops skeleton (Crypt:1)
  12 wights
  Dowan (D:4)
  6 killer bees
  7 electric eels
  A wolf zombie (Crypt:2)
  A howler monkey (shapeshifter) (D:15)
  7 centaur zombies
  A bullfrog skeleton (Crypt:3)
  4 jellies
  7 hounds
  15 orc priests
  4 gnoll boudas
  3 iguanas
  A sleepcap (D:8)
  18 orc wizards
  A troll simulacrum (IceCv)
  2 wolf simulacra (IceCv)
  3 killer bee zombies (D:8)
  A small abomination (Gauntlet)
  10 mummies
  2 boggart simulacra (D:12)
  2 howler monkey zombies (D:8)
  28 gnolls
  7 adders
  A naga simulacrum (IceCv)
  2 shadow imps
  16 white imps (D:12)
  3 ufetubi
  A dart slug (D:1)
  56 orcs
  6 endoplasms
  A gnoll zombie (Ossuary)
  8 hobgoblins
  3 jackals (D:4)
  14 kobolds
  4 quokkas
  A river rat zombie (Crypt:1)
  5 ball pythons
  A ball python skeleton (Crypt:1)
  3 bats (D:3)
  A frilled lizard (D:3)
  A gnoll skeleton (Crypt:1)
  17 goblins
  4 goblin zombies
  A hobgoblin zombie (Ossuary)
  2 kobold zombies (Ossuary)
  2 orc skeletons (D:6)
  7 rats
2221 creatures vanquished.

Vanquished Creatures (collateral kills)
  Snorg (Lair:3)
1 creature vanquished.

Vanquished Creatures (others)
  2 draconian knights
  A red draconian (Zot:5)
  A hydra (Swamp:4)
  A komodo dragon (Lair:3)
  A bloated husk (Swamp:3)
  4 humans (Lair:3)
  A fire bat skeleton (Crypt:2)
  A gnoll (D:9)
12 creatures vanquished.

Grand Total: 2234 creatures vanquished

Notes
Turn   | Place    | Note
-------+----------+-------------------------------------------
     0 | D:1      | Flugkiller the Mummy Reaver began the quest for the Orb.
     0 | D:1      | Reached XP level 1. HP: 16/16 MP: 4/4
   151 | D:1      | Reached XP level 2. HP: 10/21 MP: 1/6
   412 | D:1      | Found a faded altar of an unknown god.
  1059 | D:2      | Reached XP level 3. HP: 23/29 MP: 7/7
  1155 | D:2      | Reached skill level 1 in Translocations
  1449 | D:2      | Reached XP level 4. HP: 34/35 MP: 8/8
  1845 | D:3      | Learned a level 2 spell: Momentum Strike
  1849 | D:3      | Learned a level 3 spell: Hailstorm
  2252 | D:3      | Reached XP level 5. HP: 41/41 MP: 9/9
  2498 | D:3      | Found a blossoming altar of Fedhas.
  2624 | D:4      | Noticed Dowan
  2642 | D:4      | Reached skill level 1 in Short Blades
  3019 | D:4      | Reached XP level 6. HP: 39/47 MP: 11/11
  3161 | D:4      | Noticed Duvessa
  3177 | D:4      | Killed Duvessa
  3193 | D:4      | Killed Dowan
  3439 | D:4      | Reached XP level 7. HP: 35/55 MP: 12/14
  3561 | D:4      | Reached skill level 1 in Ice Magic
  3566 | D:4      | Reached skill level 5 in Spellcasting
  3889 | D:4      | Reached skill level 5 in Fighting
  4193 | D:3      | Learned a level 3 spell: Frozen Ramparts
  4536 | D:5      | Entered Level 5 of the Dungeon
  4981 | D:5      | Found a stormy altar of Qazlal.
  5063 | D:5      | Reached XP level 8. HP: 51/62 MP: 15/15
  5105 | D:5      | Found a bloodstained altar of Trog.
  5490 | D:6      | Reached skill level 1 in Evocations
  5538 | D:6      | Reached skill level 5 in Ice Magic
  5672 | D:6      | Found a sand-covered staircase.
  5721 | Ossuary  | Entered an ossuary
  6155 | D:6      | Found a staircase to the Ecumenical Temple.
  6175 | Temple   | Entered the Ecumenical Temple
  6253 | D:6      | Found a sacrificial altar of Ru.
  6412 | D:6      | Identified the +0 leather armour of Recklessness {Regen+}
  6428 | D:6      | Found an opulent altar of Gozag.
  6428 | D:6      | Found a shimmering altar of Xom.
  6686 | D:6      | Reached XP level 9. HP: 31/69 MP: 6/16
  6915 | D:7      | Found a hazy altar of Hepliaklqana.
  7075 | D:7      | Found a sparkling altar of Nemelex Xobeh.
  7277 | D:7      | Reached skill level 5 in Conjurations
  8324 | D:8      | Identified a scroll of acquirement
  8401 | D:8      | Noticed a two-headed ogre
  8410 | D:8      | Killed a two-headed ogre
  8411 | D:8      | Reached XP level 10. HP: 50/76 MP: 6/19
  8415 | D:8      | Reached skill level 5 in Short Blades
  8650 | D:8      | Noticed a centaur warrior
  8664 | D:8      | Killed a centaur warrior
  8672 | D:8      | Noticed a centaur warrior
  8761 | D:8      | Found a transporter.
  8764 | D:8      | Noticed Yorgos's ghost (novice GrFi)
  8796 | D:8      | Killed a centaur warrior
  9076 | D:8      | Found a transporter.
  9209 | D:8      | Noticed a deep elf pyromancer
  9274 | D:8      | Noticed a death knight
  9286 | D:8      | Killed a deep elf pyromancer
  9287 | D:8      | Reached skill level 5 in Dodging
  9287 | D:8      | Found a hide-covered altar of Uskayaw.
  9334 | D:8      | Killed a death knight
  9335 | D:8      | Reached XP level 11. HP: 18/81 MP: 17/21
  9566 | D:8      | Noticed a brown ugly thing
  9581 | D:8      | Killed a purple ugly thing
  9674 | D:8      | Became a worshipper of Uskayaw the Reveller
  9700 | D:8      | Reached * piety under Uskayaw
  9734 | D:8      | Noticed a centaur warrior
  9783 | D:8      | Reached ** piety under Uskayaw
  9786 | D:8      | Reached *** piety under Uskayaw
  9787 | D:8      | Reached **** piety under Uskayaw
  9788 | D:8      | Killed a centaur warrior
  9789 | D:8      | Reached skill level 2 in Invocations
  9841 | D:8      | Reached skill level 3 in Invocations
  9916 | D:8      | Reached skill level 1 in Stealth
  9936 | D:8      | Reached ***** piety under Uskayaw
 10624 | D:8      | Acquired a +3 vampiric rapier
 11515 | D:9      | Found a staircase to the Lair.
 11886 | D:10     | Entered Level 10 of the Dungeon
 11936 | D:10     | Found a shimmering blue altar of Sif Muna.
 12119 | D:10     | Reached ****** piety under Uskayaw
 12205 | D:10     | Found a flagged portal.
 12221 | Bailey   | Entered a bailey
 12455 | Bailey   | Acquired the +8 arc blade {discharge, rElec}
 12455 | Bailey   | Found the +8 arc blade {discharge, rElec}
 12489 | Bailey   | Noticed an orc knight
 12512 | Bailey   | Killed an orc knight
 12715 | Bailey   | Identified the +0 fire dragon scales "Noah" {+Inv rElec
                  | rF++ rC-}
 12715 | Bailey   | Noticed an orc knight
 12751 | Bailey   | Found an iron altar of Okawaru.
 12834 | Bailey   | Killed an orc knight
 13039 | D:10     | Reached XP level 12. HP: 84/88 MP: 18/22
 13047 | D:10     | Identified the +10 trident "Huneutyf" {venom, +Blink rC+
                  | Dex-3}
 13075 | D:10     | Found a runed translucent door.
 13076 | D:10     | Noticed WhatIsLove's ghost (journeyman DjFE)
 13452 | D:10     | Killed WhatIsLove's ghost
 13550 | D:11     | Noticed a four-headed hydra
 13600 | D:11     | Found a staircase to the Orcish Mines.
 13604 | D:11     | Learned a level 2 spell: Blink
 13624 | D:11     | Noticed Fannar
 13646 | D:11     | Killed Fannar
 14108 | Lair:1   | Entered Level 1 of the Lair of Beasts
 14279 | Lair:1   | Found a transporter.
 14299 | Lair:1   | Found a transporter.
 14315 | Lair:1   | Reached skill level 4 in Invocations
 14369 | Lair:1   | Reached skill level 5 in Stealth
 14515 | Lair:1   | Reached skill level 10 in Short Blades
 15054 | Lair:2   | Reached skill level 5 in Invocations
 15405 | Lair:2   | Gained mutation: You are strongly in touch with the powers
                  | of death. [Mummy growth]
 15405 | Lair:2   | Reached XP level 13. HP: 92/98 MP: 23/23
 15450 | Lair:2   | Reached skill level 6 in Invocations
 15519 | Lair:2   | Found a staircase to the Snake Pit.
 15831 | Lair:3   | Noticed Kirke
 15848 | Lair:3   | Noticed a sphinx
 15848 | Lair:3   | Killed Kirke
 16005 | Lair:3   | Noticed Urug
 16014 | Lair:3   | Killed Urug
 16966 | Lair:3   | Noticed Snorg
 16978 | Lair:3   | Killed Snorg
 17090 | Lair:3   | Found a staircase to the Swamp.
 17374 | Lair:4   | Reached skill level 7 in Invocations
 17374 | Lair:4   | Reached XP level 14. HP: 75/106 MP: 24/24
 17378 | Lair:4   | Identified the +6 quarterstaff "Hizepoal" {freeze, rC+
                  | Int+6}
 17480 | Lair:4   | Got a colourful book
 17996 | Lair:5   | Entered Level 5 of the Lair of Beasts
 18015 | Lair:5   | Found a staircase to the Slime Pits.
 18017 | Lair:5   | Found a viscous altar of Jiyva.
 18417 | Lair:5   | Reached skill level 8 in Invocations
 18636 | Lair:5   | Reached skill level 1 in Shields
 19760 | D:12     | Found a frozen archway.
 19792 | IceCv    | Entered an ice cave
 20194 | IceCv    | Reached skill level 5 in Shields
 20244 | IceCv    | Got a mumbling book
 20422 | D:12     | Reached skill level 10 in Fighting
 20582 | D:12     | Found a runed translucent door.
 20583 | D:12     | Noticed Dirtsage's ghost (journeyman DsBe)
 21257 | D:13     | Reached XP level 15. HP: 110/115 MP: 25/25
 21431 | D:13     | Found a gate leading to a gauntlet.
 21449 | Gauntlet | Entered a Gauntlet
 21449 | Gauntlet | Found a transporter.
 21449 | Gauntlet | Found a transporter.
 21477 | Gauntlet | Found a runed translucent door.
 21488 | Gauntlet | Found a transporter.
 21492 | Gauntlet | Found a transporter.
 21496 | Gauntlet | Found a runed translucent door.
 21496 | Gauntlet | Found a runed translucent door.
 21500 | Gauntlet | Found a transporter.
 21504 | Gauntlet | Found a transporter.
 21512 | Gauntlet | Found a transporter.
 21528 | Gauntlet | Found a transporter.
 21546 | Gauntlet | Found a transporter.
 21547 | Gauntlet | Found a transporter.
 21555 | Gauntlet | Found a transporter.
 21559 | Gauntlet | Found a transporter.
 21827 | Gauntlet | Identified the +0 cloak of Doriloakk {rF+ rC++ Dex+3}
 21879 | Gauntlet | Identified the +4 fire dragon scales of the Baleful God
                  | {Drain rF++ rC- Regen+ rCorr Dex+7}
 21966 | Gauntlet | Identified the +1 robe "Geuts" {*Slow Int+3 Dex+3}
 21970 | Gauntlet | Identified the +5 ring mail "Toasyefo" {Dex+6}
 22016 | D:13     | Acquired the ring of Kahis {rN+++ Dex+6 Slay+6 SInv Stlth-}
 22020 | D:13     | Acquired the +2 pair of gloves of Insurance {rF++ Int+2}
 22152 | D:13     | Found a hazy altar of Hepliaklqana.
 22528 | D:14     | Reached skill level 1 in Armour
 22637 | D:14     | Found a gate to the Vaults.
 22851 | D:14     | Reached skill level 9 in Invocations
 22947 | D:14     | Found an ancient bone altar of Kikubaaqudgha.
 23134 | D:14     | Found an ornate altar of the Wu Jian Council.
 23135 | D:14     | Noticed Josephine
 23143 | D:14     | Killed Josephine
 23408 | D:15     | Entered Level 15 of the Dungeon
 23529 | D:15     | Found a staircase to the Depths.
 23599 | D:15     | Reached skill level 5 in Armour
 23635 | D:15     | Noticed Louise
 23651 | D:15     | Killed Louise
 23761 | D:15     | Found a runed translucent gate.
 23970 | D:15     | Reached XP level 16. HP: 123/125 MP: 26/26
 24124 | D:15     | Reached skill level 10 in Invocations
 24246 | D:15     | Found a runed translucent gate.
 24246 | D:15     | Found a runed translucent gate.
 24250 | D:15     | Noticed Behejivea's ghost (adept DsEE)
 24252 | D:15     | Found an iron altar of Okawaru.
 24486 | Orc:1    | Entered Level 1 of the Orcish Mines
 24564 | Orc:1    | Noticed Erolcha
 24585 | Orc:1    | Killed Erolcha
 24606 | Orc:1    | Noticed Geasohic's ghost (journeyman VSSh)
 24621 | Orc:1    | Found a transporter.
 24683 | Orc:1    | Found a transporter.
 24937 | Orc:1    | Killed Geasohic's ghost
 24945 | Orc:1    | Identified the -1 cloak of Redovitauck {-Cast Str+4}
 24980 | Orc:2    | Entered Level 2 of the Orcish Mines
 24980 | Orc:2    | Noticed Sonja
 24985 | Orc:2    | Killed Sonja
 25039 | Orc:2    | Found Hoise's Antique Armour Emporium.
 25093 | Orc:2    | Bought a shiny helmet for 187 gold pieces
 25140 | Orc:2    | Noticed Maurice
 25167 | Orc:2    | Killed Maurice
 25209 | Orc:2    | Found Heczeho's Book Boutique.
 25209 | Orc:2    | Found Qileguck's Book Emporium.
 25219 | Orc:2    | Found Agririle's Antique Weapon Boutique.
 25219 | Orc:2    | Found Eptumouf's General Store.
 25561 | Orc:2    | Found a staircase to the Elven Halls.
 25562 | Orc:2    | Noticed Saint Roka
 25659 | Orc:2    | Killed Saint Roka
 25660 | Orc:2    | Reached skill level 11 in Invocations
 25977 | Snake:1  | Entered Level 1 of the Snake Pit
 26068 | Snake:1  | Noticed Frances
 26291 | Snake:1  | Noticed Asterion
 26325 | Snake:1  | Killed Asterion
 26749 | Snake:1  | Killed Frances
 26793 | Snake:2  | Found a stormy altar of Qazlal.
 26912 | Snake:2  | Found Xikeugod's General Store.
 27680 | Snake:3  | Found a snail-covered altar of Cheibriados.
 27882 | Snake:3  | Reached XP level 17. HP: 112/131 MP: 27/27
 28160 | Snake:4  | Entered Level 4 of the Snake Pit
 28276 | Snake:4  | Found Ofeicim's Antique Weapon Emporium.
 28359 | Snake:4  | Noticed Vashnia
 28376 | Snake:4  | Killed Vashnia
 28603 | Snake:4  | Reached skill level 12 in Invocations
 28614 | Snake:4  | Reached skill level 10 in Stealth
 28862 | Snake:4  | Got a serpentine rune of Zot
 29138 | Swamp:1  | Entered Level 1 of the Swamp
 29167 | Swamp:1  | Noticed Mlioglotl
 29173 | Swamp:1  | Killed Mlioglotl
 29550 | Swamp:1  | Reached XP level 18. HP: 102/142 MP: 28/28
 29996 | Swamp:2  | Noticed Roxanne
 30555 | Swamp:3  | Reached skill level 13 in Invocations
 30584 | Swamp:3  | Identified the +7 flail "Zyum Cessa" {protect, Int+4}
 30681 | Swamp:3  | Identified the +4 mace "Ykorem" {holy, rF+ rC+}
 30957 | Swamp:4  | Entered Level 4 of the Swamp
 31098 | Swamp:4  | Got a decaying rune of Zot
 31245 | Swamp:4  | Noticed Donald
 31251 | Swamp:4  | Killed Donald
 31320 | Swamp:4  | Noticed Bai Suzhen
 31338 | Swamp:4  | Killed Bai Suzhen
 31835 | Vaults:1 | Entered Level 1 of the Vaults
 32283 | Vaults:1 | Reached skill level 14 in Invocations
 32386 | Vaults:1 | Reached skill level 10 in Shields
 32643 | Vaults:1 | Reached XP level 19. HP: 146/149 MP: 29/29
 32680 | Vaults:1 | Found Betif's Armour Shop.
 33003 | Vaults:2 | Noticed Norris
 33014 | Vaults:2 | Killed Norris
 33095 | Vaults:2 | Noticed Frederick
 33112 | Vaults:2 | Killed Frederick
 33204 | Vaults:2 | Found a transporter.
 33205 | Vaults:2 | Found a transporter.
 33205 | Vaults:2 | Noticed Fauhuump's ghost (adept TeAE)
 33206 | Vaults:2 | Identified the +5 great mace of Tusenown {freeze, Stlth+}
 33305 | Vaults:2 | Identified the +0 trident "Grim Tooth" {flame, Str-3 Int+9
                  | SInv Stlth+}
 33374 | Vaults:2 | Noticed Margery
 33386 | Vaults:2 | Killed Margery
 33777 | Vaults:2 | Noticed Aizul
 33788 | Vaults:2 | Killed Aizul
 33853 | Vaults:2 | Noticed Mennas
 33939 | Vaults:3 | Found Jeklaf's Armour Emporium.
 33998 | Vaults:3 | Found a magical portal.
 34023 | WizLab   | Entered Iskenderun's Mystic Tower
 34595 | WizLab   | Got an engraved book
 34595 | WizLab   | Got a glossy book
 34608 | WizLab   | Got a mumbling book
 34953 | Vaults:3 | Found a staircase to the Crypt.
 35049 | Vaults:3 | Reached skill level 10 in Dodging
 35078 | Vaults:3 | Got an antique book
 35086 | Vaults:3 | Got a decrepit book
 35147 | Vaults:3 | Reached XP level 20. HP: 159/159 MP: 31/31
 35905 | Vaults:4 | Reached skill level 15 in Invocations
 36388 | Vaults:4 | Paralysed by a great orb of eyes for 4 turns
 37042 | Depths:1 | Entered Level 1 of the Depths
 37042 | Depths:1 | Noticed Sojobo
 37049 | Depths:1 | Killed Sojobo
 37183 | Depths:1 | Reached skill level 15 in Fighting
 37319 | Depths:1 | Noticed a golden dragon
 37337 | Depths:1 | Killed a golden dragon
 37379 | Depths:1 | Found a gateway to Hell.
 37440 | Depths:1 | Found a sacrificial altar of Ru.
 37686 | Depths:1 | Reached skill level 16 in Invocations
 37695 | Depths:1 | Reached XP level 21. HP: 147/168 MP: 33/33
 37802 | Depths:1 | Found a one-way gate leading to the halls of Pandemonium.
 37890 | Depths:1 | Found a portal to a secret trove of treasure.
 38561 | Depths:2 | Noticed a golden dragon
 38567 | Depths:2 | Killed a golden dragon
 38712 | Depths:2 | Noticed a golden dragon
 38714 | Depths:2 | Killed a golden dragon
 38736 | Depths:2 | Identified the ring of Fedhas's Indignation {Contam rCorr
                  | Str+3 Dex+6}
 38743 | Depths:2 | Identified the +5 morningstar of the Lurker {elec, rF+++
                  | rCorr Dex-3}
 38889 | Depths:2 | Noticed Grunn
 38906 | Depths:2 | Reached skill level 10 in Armour
 39146 | Depths:2 | Killed Grunn
 39204 | Depths:3 | Reached skill level 17 in Invocations
 39926 | Depths:3 | Found a one-way gateway to a ziggurat.
 40156 | Depths:3 | Found a one-way gate to the infinite horrors of the Abyss.
 40166 | Depths:3 | Noticed a golden dragon
 40177 | Depths:3 | Killed a golden dragon
 40200 | Depths:3 | Noticed Vv
 40516 | Depths:3 | Killed Vv
 41171 | Depths:4 | Entered Level 4 of the Depths
 41242 | Depths:4 | Reached skill level 18 in Invocations
 41244 | Depths:4 | Reached XP level 22. HP: 163/175 MP: 33/35
 41311 | Depths:4 | Found Piokad's Magic Scroll Shop.
 41341 | Depths:4 | Bought a scroll of enchant weapon for 150 gold pieces
 41800 | Depths:4 | Identified the +4 orcbow of Wealth {flame, Str+5}
 41931 | Depths:4 | Reached skill level 19 in Invocations
 42018 | Depths:4 | Identified the +1 arbalest "Tiedon" {penet, rN++ Int+3
                  | Dex+2}
 42102 | Depths:4 | Found a gate to the Realm of Zot.
 42102 | Depths:4 | Noticed a golden dragon
 42115 | Depths:4 | Killed a golden dragon
 42621 | Slime:1  | Entered Level 1 of the Pits of Slime
 42896 | Slime:5  | Entered Level 5 of the Pits of Slime
 43171 | Slime:5  | Noticed the Royal Jelly
 43185 | Slime:5  | Reached skill level 20 in Invocations
 43186 | Slime:5  | Killed the Royal Jelly
 43414 | Slime:5  | Identified the +2 triple crossbow "Geso" {heavy, rElec
                  | Dex+3}
 43450 | Slime:5  | Identified the +3 lajatang "Terredaq" {heavy, *Noise Will+
                  | Int+3}
 43453 | Slime:5  | Identified the +6 bardiche "Lapid" {holy, rElec SInv}
 43482 | Slime:5  | Identified the +7 trident "Piptap" {spect, rCorr Int-3
                  | Dex+2}
 43509 | Slime:5  | Found the +8 demon blade "Leech" {evervamp, Harm Drain rN+}
 43512 | Slime:5  | Found the +2 cloak of the Thief {*Fog Slay-2 SInv Stlth+}
 43546 | Slime:5  | Identified the ring "Gez Tod" {rElec rC+ Int-5 Dex+6 SInv}
 43552 | Slime:5  | Identified the ring "Ungemeiffy" {Fire Will+}
 43556 | Slime:5  | Got a slimy rune of Zot
 43557 | Slime:5  | Identified the +4 ring mail of Gozag's Grace {Rampage Fly}
 44538 | Elf:1    | Entered Level 1 of the Elven Halls
 44623 | Elf:1    | Noticed Azrael
 44643 | Elf:1    | Killed Azrael
 44698 | Elf:1    | Got a graven book
 44705 | Elf:1    | Got a moldy book
 44852 | Elf:1    | Found Woanypsa's Armour Emporium.
 44859 | Elf:1    | Found Adiatueg's Distillery.
 44861 | Elf:1    | Found Sedu's Book Emporium.
 45062 | Elf:1    | Noticed Agnes
 45078 | Elf:1    | Killed Agnes
 45080 | Elf:1    | Reached skill level 21 in Invocations
 45137 | Elf:1    | Got a shiny book
 45567 | Elf:2    | Paralysed by an air elemental for 1 turns
 45595 | Elf:2    | Paralysed by an air elemental for 1 turns
 45620 | Elf:2    | Reached XP level 23. HP: 175/181 MP: 37/37
 45723 | Elf:2    | Found Nuixzam's General Store.
 45838 | Elf:2    | Found a huge runed translucent gate.
 45838 | Elf:2    | Found a huge runed translucent gate.
 45838 | Elf:2    | Found a huge runed translucent gate.
 45839 | Elf:2    | Found a huge runed translucent gate.
 45841 | Elf:2    | Found a huge runed translucent gate.
 46015 | Elf:2    | Paralysed by an air elemental for 1 turns
 46526 | Elf:2    | Reached skill level 22 in Invocations
 46860 | Elf:3    | Entered Level 3 of the Elven Halls
 47065 | Elf:3    | Found Meh Sixosoof's Assorted Antiques.
 47090 | Elf:3    | Bought a heavily runed cloak for 256 gold pieces
 47090 | Elf:3    | Identified the +1 cloak of Tethat {rC- rN+ Will+} (You
                  | bought it in a shop on level 3 of the Elven Halls)
 47860 | Elf:3    | Identified the ring of Boshry {Fire Dex+3}
 47882 | Elf:3    | Identified the +8 quarterstaff of the Charming Visionary
                  | {flame, +Blink Will+ Int-5 Stlth+}
 47882 | Elf:3    | Identified the ring "Pynyutou" {rElec rPois rF+ Will+}
 47983 | Elf:3    | Identified the +6 long sword "Wopofiev" {elec, Will+ rCorr
                  | Dex-5 Stlth+}
 48001 | Elf:3    | Reached skill level 23 in Invocations
 48400 | Elf:3    | Identified the +3 great sword "Jitecoum" {heavy, Str+3}
 48648 | Elf:3    | Identified the ring of Epeeg {rPois SInv}
 48681 | Elf:3    | Identified the staff of the Orb {rN+ Will+ Str+3 Necro}
 48694 | Elf:3    | Identified the +3 quarterstaff of Gioss {drain, Will+}
 49255 | Crypt:1  | Entered Level 1 of the Crypt
 49629 | Crypt:1  | Found a runed translucent door.
 50009 | Crypt:1  | Reached skill level 24 in Invocations
 50035 | Crypt:1  | Noticed bmj180's ghost (veteran DrCj)
 50096 | Crypt:1  | Noticed Jory
 50108 | Crypt:1  | Killed Jory
 50182 | Crypt:1  | Reached XP level 24. HP: 188/188 MP: 39/39
 50292 | Crypt:2  | Noticed Zenata
 50299 | Crypt:2  | Killed Zenata
 51180 | Crypt:3  | Entered Level 3 of the Crypt
 51357 | Crypt:3  | Reached skill level 25 in Invocations
 51692 | Crypt:3  | Found a staircase to the Tomb.
 51815 | Crypt:3  | Noticed a dread lich
 51958 | Crypt:3  | Noticed a dread lich
 51958 | Crypt:3  | Noticed a dread lich
 52648 | Depths:1 | You paid a toll of a +5 demon blade to enter a treasure
                  | trove
 52649 | Trove    | Entered a treasure trove
 52652 | Trove    | Found the amulet of Vitality {RegenMP++ Regen++}
 52666 | Trove    | Identified the ring of Beogh's Respect {rF++ rC+ Stlth+}
 52680 | Trove    | Identified the ring of Cavut {rN+ EV+5}
 52691 | Trove    | Identified the ring "Quat" {Dex+6 SInv}
 52697 | Trove    | Identified the ring of Qeriv {rCorr EV+5 Str+4}
 52700 | Trove    | Identified the ring of Xom's Passing Interest {rElec rC+
                  | MP+9 Int+4}
 52921 | Zot:1    | Entered Level 1 of the Realm of Zot
 53462 | Zot:2    | Identified the +1 leather armour of the Hippo {-Cast Harm
                  | Fly}
 53610 | Zot:3    | Reached skill level 26 in Invocations
 54565 | Zot:4    | Got a thrumming book
 54616 | Zot:4    | Reached XP level 25. HP: 191/194 MP: 40/40
 55043 | Zot:3    | Reached skill level 27 in Invocations
 55125 | Zot:3    | Noticed a Killer Klown
 55132 | Zot:3    | Killed a Killer Klown
 55243 | Zot:5    | Entered Level 5 of the Realm of Zot
 55751 | Zot:5    | Reached skill level 15 in Dodging
 55763 | Zot:5    | Noticed a Killer Klown
 55771 | Zot:5    | Noticed an ancient lich
 55773 | Zot:5    | Noticed an ancient lich
 55845 | Zot:5    | Killed an ancient lich
 56092 | Zot:5    | Noticed a Killer Klown
 56129 | Zot:5    | Killed a Killer Klown
 56239 | Zot:5    | Noticed an orb of fire
 56244 | Zot:5    | Noticed a Killer Klown
 56256 | Zot:5    | Killed an orb of fire
 56257 | Zot:5    | Killed a Killer Klown
 56446 | Zot:5    | Killed an ancient lich
 56833 | Zot:5    | Noticed an orb of fire
 56847 | Zot:5    | Killed an orb of fire
 56964 | Zot:5    | Killed a Killer Klown
 57097 | Zot:5    | Got the Orb of Zot
 57099 | Zot:5    | Noticed an ancient lich
 57108 | Zot:5    | Noticed an ancient lich
 57110 | Zot:5    | Killed an ancient lich
 57111 | Zot:5    | Reached skill level 15 in Stealth
 57190 | Depths:4 | Noticed Loleipai the pandemonium lord
 57678 | D:1      | gg
 57679 | D:$      | Escaped with the Orb!

Illustrated notes

#.# ####.#
######...)#
########......####
#....#.#.######
#.##.'.#.#
#....#.#.#
#....#...#
#@...+..##
#....#.## #....#.#
#.##.+.# #....#.#
########


Turn 57678 on D:1: gg

Levels and vault maps discovered:
D:1:      lemuel_arrival_behind_the_door_small, layout_basic,
          dreamdust_ecumenical_altar_grove, hangedman_abyss_or_decor_stabs
D:2:      layout_rooms, nicolae_hexahallways, minmay_misc_feat_enclosed
D:3:      layout_basic, fedhas_altar_4
D:4:      layout_gridville, uniq_duvessa
D:5:      layout_loops_ring, general_overflow_altar,
          gammafunk_temple_overflow_claw, roderic_lattice_a
D:6:      layout_basic, gammafunk_temple_overflow_elements,
          mainiacjoe_overflow_alcove_2, minmay_temple_entry_slanted,
          nicolae_ossuary_entry_catacombs
D:7:      minmay_skewed_foursquare, layout_loops_ring,
          mainiacjoe_overflow_small_starburst, nemelex_dance_club_becter,
          serial_rivers, chequers_serial_rivers_small_b,
          chequers_serial_rivers_small_b, chequers_serial_rivers_large_a,
          chequers_serial_rivers_micro_c, chequers_serial_rivers_micro_e,
          minmay_misc_feat_tower, grunt_ministairs_3
D:8:      layout_basic, nicolae_uskayaw_murder_on_the_dancefloor,
          gammafunk_ghost_arena, serial_undead, serial_undead_a,
          serial_undead_a, serial_undead_a, serial_undead_c, minmay_the_grid_2x2
          [minmay_the_grid_expand, minmay_the_grid_square_x,
          minmay_the_grid_tiny_cups, minmay_the_grid_prize_big_room]
D:9:      layout_layer_cave, grunt_lair_entry_orc_guard_hut
D:10:     layout_gridville, mainiacjoe_overflow_catwalk,
          ebering_ghost_inner_flame, enter_bailey_5, minmay_liquid_box,
          minmay_misc_feat_secret_circle
D:11:     layout_roguey, orc_0_dummy, uniq_fannar
D:12:     layout_basic, gammafunk_ghost_grave, serial_ice, serial_ice_n,
          serial_ice_k, serial_ice_b, serial_ice_c, serial_ice_h, serial_ice_o,
          serial_ice_e, portal_ice_cave_entry_imps
D:13:     layout_basic, gauntlet_entry_generic, serial_curves, eino_curves_04,
          eino_curves_02, nicolae_hepliaklqana_hippocampus
D:14:     layout_stronghold, hangedman_vaults_entry_quadrant_bands,
          kiku_gazebo_garden_becter, nzn_wu_jian_contemplation, uniq_josephine
D:15:     grunt_enter_depths_hoard, layout_stronghold,
          gammafunk_ghost_fury_of_okawaru, uniq_louise
Temple:   cyrus_temple_forest
Lair:1:   gammafunk_worm_tunnel, layout_regular_city
Lair:2:   layout_gridlike, minmay_snake_entry_guardpost_small
Lair:3:   nzn_winding_woodlands_stair_cross [nzn_winding_woodlands_5x15_parted,
          nzn_winding_woodlands_center_diamonds,
          nzn_winding_woodlands_5x15_split_checker,
          nzn_winding_woodlands_5x5_three, nzn_winding_woodlands_5x5_cross,
          nzn_winding_woodlands_5x15_sidewinder,
          nzn_winding_woodlands_center_pierced_h,
          nzn_winding_woodlands_5x15_pockets], layout_small_grid,
          nicolae_swamp_entry_spooky, grunt_forest_stairs_basic, uniq_urug,
          uniq_kirke, uniq_snorg
Lair:4:   layout_loops_ring, lemuel_fruit_tree
Lair:5:   minmay_lair_end_enchanted_forest, layout_cave_pods, slime_entry_1,
          minivault_23, lemuel_fruit_fields
Swamp:1:  nicolae_swamp_wrong_neighborhood, layout_falls_marsh,
          evilmike_swamp_ruin_rubble_2, swamp_pool3, uniq_mlioglotl
Swamp:2:  layout_basic_swamp, evilmike_swamp_ruin_house_5, uniq_roxanne
Swamp:3:  layout_basic_swamp, hangedman_swamp_cone
Swamp:4:  swamp, layout_basic_swamp, uniq_donald, uniq_bai_suzhen
Snake:1:  layout_onion, serial_bayou_shore_b, uniq_frances, uniq_asterion
Snake:2:  layout_grid_shapes, serial_shops, shop, basic_altar
Snake:3:  layout_grid_maze, basic_altar, serial_bayou_pond_d,
          grunt_ministairs_7, nicolae_coiled_stairwell_up
Snake:4:  johnstein_snake_rune_scales, layout_misc_corridors, serial_shops,
          nicolae_shop_window_shopping, uniq_vashnia
Slime:1:  layout_caves
Slime:2:  layout_caves
Slime:3:  layout_caves
Slime:4:  cheibrodos_slime_lost_civilization_10, layout_caves,
          nicolae_slime_phagocytosis
Slime:5:  slime_pit_nicolae_trefoil
Orc:1:    layout_caves, gammafunk_ghost_berserking_beasts, uniq_erolcha
Orc:2:    grunt_orc_tribal_feast, layout_caves, serial_shops, shop, uniq_sonja,
          uniq_maurice, uniq_saint_roka
Elf:1:    eino_elf_arrival_sip, layout_geoelf_diagonals, minmay_elf_sorcery,
          hangedman_elven_pyramids, bh_hangedman_babel_library,
          minmay_shop_star, uniq_agnes, uniq_azrael
Elf:2:    elven_hall_of_blades_hangedman_alternative [nicolae_blade_lattice],
          layout_onion_city, serial_shops, nicolae_shop_tiny_statue_garden
Elf:3:    elf_hall, layout_loops_corners, serial_shops,
          nicolae_shop_tiny_statue_garden, chequers_hall_statues_y, st_stairs_4,
          roderic_roman_lattice, corexii_hall_statues_t
Vaults:1: hangedman_vaults_stitches, vaults_room_boxed,
          nicolae_vaults_shipping_containers_3, v_pattern_3,
          nicolae_vaults_little_squares_4, vaults_dpeg_ring, v_misc_1,
          nicolae_vaults_ninety_degrees, nicolae_vaults_network_periphery,
          v_alt_pattern_3, nicolae_vaults_trapezoid_lopsided_1,
          vaults_dpeg_emergency_exit, layout_vaults_ring, serial_shops,
          nicolae_shop_trees
Vaults:2: gammafunk_ghost_smash, v_alt_pattern_5, nicolae_vaults_trapezoid_4,
          v_misc_22, st_cross, ontoclasm_vaults_decontamination,
          nicolae_vaults_oval_intersection, v_pattern_1, nicolae_vaults_house_3,
          hangedman_vaults_restitches, nicolae_vaults_heist,
          layout_vaults_maze_bifur, uniq_frederick, uniq_margery, uniq_norris,
          uniq_aizul, uniq_mennas
Vaults:3: lightli_enter_wizlab_magi_temple, grunt_vaults_hallway_short,
          grunt_vaults_twisty, v_misc_25, nicolae_vaults_trapezoid_2,
          nicolae_vaults_library_corner, nicolae_vaults_diamond_2,
          layout_vaults_omnigrid, dummy_crypt_entry, serial_shops,
          nicolae_shop_tiny_statue_garden
Vaults:4: v_alt_pattern_2, nicolae_vaults_whirlpool_walls,
          nicolae_vaults_diagonal_hallway_6, nicolae_vaults_tetromino_T_1,
          nicolae_vaults_doubleplus_tesselated,
          nicolae_vaults_storage_closets_2, nicolae_vaults_shelves_hall,
          v_rooms_4, nicolae_vaults_turnstiles, ontoclasm_vaults_chip,
          v_alt_pattern_4, nicolae_vaults_little_squares_3,
          layout_vaults_omnicross
Crypt:1:  layout_gridlike, hellmonk_ghost_big_iron, weyrava_ghost_lake,
          uniq_jory
Crypt:2:  layout_gridlike, uniq_zenata
Crypt:3:  david_glass_crypt, layout_misc_corridors,
          nicolae_tomb_entry_grand_gallery
Depths:1: hourglass_vault, layout_gridlike, nicolae_ru_sacrificial_ziggurat,
          serial_curves, eino_curves_02, eino_curves_02, rand_demon_pan_entry_7,
          nicolae_trove_entry_columns, hell_entry, minmay_crystal_room,
          zin_scriptorium, uniq_sojobo
Depths:2: evilmike_pillar_path, layout_honeycomb, rand_demon_pan_entry_5,
          pf_coc_iceberg, grunt_decor_arrowhead, chequers_serial_rivers_small_a,
          uniq_grunn
Depths:3: minmay_diamond_stairs, layout_small_grid, enter_ziggurat_f,
          abyss_entry, nicolae_elevator_lobby_plus, lightli_too_deep,
          grunt_megastairs_5, minmay_staircase_statues_hall_small, uniq_vv
Depths:4: grunt_bruiser_brothers, layout_basic, reono_crystal_passage,
          nicolae_abyss_entry_one_way_or_another, serial_shops,
          nicolae_shop_crystal, grunt_hell_entry_dis_mu,
          minmay_misc_feat_diagonals, minmay_checkered_concentric_circles
Zot:1:    layout_misc_corridors, gammafunk_ghost_abyssal_escape, st_stairs_2
Zot:2:    layout_gridlike
Zot:3:    layout_misc_corridors
Zot:4:    layout_basic, grunt_ministairs_2, st_small_dragon_hoard_2
Zot:5:    layout_onion

Skill      XL: |  1  2  3  4  5  6  7  8  9 10 11 12 13 14 15 16 17 18 19 20 21 22 23 24 25 |
---------------+----------------------------------------------------------------------------+-----
Spellcasting   | 3 4 5 6 7 |  7.0
Fighting       | 3 4 5 6 7 8 10 11 12 13 14 15 | 15.1
Translocations | 1 2 |  2.0
Conjurations   | 3 4 5 |  5.0
Short Blades   | 2 4 6 8 10 11 12 14 | 14.0
Ice Magic      | 3 6 8 |  8.0
Evocations     | 2 3 |  3.0
Dodging        | 4 5 6 9 10 11 12 16 | 16.1
Invocations    | 3 5 7 8 9 11 12 14 16 18 21 24 26 27 | 27.0
Stealth        | 4 6 7 8 9 10 12 15 | 15.0
Shields        | 5 7 10 12 | 12.0
Armour         | 6 7 9 11 | 11.0
Polearms       | |  2.4

Action                     |  1- 3 |  4- 6 |  7- 9 | 10-12 | 13-15 | 16-18 | 19-21 | 22-24 | 25-27 || total
---------------------------+-------+-------+-------+-------+-------+-------+-------+-------+-------++-------
  Melee: Spear             |    95 |       |       |       |       |       |       |       |       ||    95
         Short sword       |     9 |   128 |   490 |   268 |       |       |       |       |       ||   895
         Punch             |       |     2 |     7 |    12 |     5 |       |       |       |       ||    26
         Rapier            |       |       |       |   482 |   920 |  1110 |  1106 |  1820 |   432 ||  5870
  Throw: Dart              |       |       |       |     3 |     7 |     3 |     1 |       |       ||    14
   Cast: Kiss of Death     |     2 |       |     2 |       |       |       |       |       |       ||     4
         Momentum Strike   |       |     5 |    17 |    15 |       |       |       |       |       ||    37
         Frozen Ramparts   |       |       |    24 |    48 |    31 |     3 |       |       |       ||   106
         Hailstorm         |       |       |    10 |     9 |     2 |       |       |       |       ||    21
 Invoke: Grand Finale      |       |       |       |       |     2 |     7 |     9 |     2 |     3 ||    23
         Line Pass         |       |       |       |       |     3 |     1 |     3 |     5 |     2 ||    14
         Stomp             |       |       |       |       |       |     5 |       |     7 |     4 ||    16
  Evoke: Wand              |       |       |     3 |     6 |     4 |       |     3 |     1 |     1 ||    18
         Sack of spiders   |       |       |       |       |     1 |       |       |       |       ||     1
         Phial of floods   |       |       |       |       |     1 |       |     1 |       |       ||     2
         Condenser vane    |       |       |       |       |       |     1 |       |     1 |       ||     2
         Lightning rod     |       |       |       |       |       |     1 |       |       |       ||     1
    Use: Scroll            |       |     1 |    12 |    11 |     4 |     3 |     9 |    19 |     7 ||    66
   Stab: Sleeping          |       |     1 |       |     3 |    20 |    31 |    27 |    39 |     7 ||   128
         Paralysed         |       |       |       |    42 |    61 |    98 |   126 |   158 |    44 ||   529
         Distracted        |       |       |       |       |     4 |     2 |     5 |     7 |     3 ||    21
         Confused          |       |       |       |       |     2 |       |     3 |     4 |     3 ||    12
 Armour: Leather armour    |    35 |    78 |   105 |   431 |   253 |       |       |       |       ||   902
         Robe              |       |     8 |   186 |       |       |       |       |       |       ||   194
         Ring mail         |       |       |     5 |    23 |   178 |       |       |       |       ||   206
         Fire dragon scale |       |       |       |       |   114 |   438 |   373 |   620 |   167 ||  1712
  Dodge: Dodged            |    44 |   102 |   240 |   419 |   413 |   405 |   311 |   475 |   125 ||  2534
         Repelled          |       |       |     1 |     3 |       |       |       |       |       ||     4
  Block: Other             |       |       |    21 |   158 |    54 |       |       |       |       ||   233
         Reflection        |       |       |       |     5 |       |     9 |    27 |    54 |       ||    95
         Buckler           |       |       |       |       |   183 |   307 |       |       |       ||   490
         Kite shield       |       |       |       |       |       |    85 |   655 |  1084 |   232 ||  2056

Table legend: (Time is in decaauts)
 A = Elapsed time spent in this place.
 B = Non-inter-level travel time spent in this place.
 C = Inter-level travel time spent in this place.
 D = Time resting spent in this place.
 E = Time spent auto-exploring this place.
 F = Levels seen in this place.
 G = Mean time per level.
                   A        B        C        D        E       F      G
               +--------+--------+--------+--------+--------+-----+--------+
         Total |  55762 |  50317 |   5445 |   7594 |  26663 |  61 |  914.1 |
       Dungeon |  17993 |  15567 |   2426 |   2524 |   8617 |  15 | 1199.5 |
        Temple |      1 |      1 |      0 |      0 |      0 |   1 |    1.0 |
          Lair |   5806 |   5159 |    647 |    532 |   3228 |   5 | 1161.2 |
         Swamp |   2515 |   2377 |    138 |    175 |   1568 |   4 |  628.8 |
     Snake Pit |   2881 |   2739 |    142 |    103 |   1689 |   4 |  720.2 |
    Slime Pits |   1413 |   1279 |    134 |    222 |    364 |   5 |  282.6 |
  Orcish Mines |   1416 |   1270 |    146 |    120 |    871 |   2 |  708.0 |
   Elven Halls |   4211 |   4058 |    153 |    575 |   2262 |   3 | 1403.7 |
        Vaults |   4501 |   3825 |    676 |    234 |   2542 |   4 | 1125.2 |
         Crypt |   2863 |   2727 |    136 |    381 |   1463 |   3 |  954.3 |
        Depths |   5482 |   4810 |    672 |   1202 |   2286 |   4 | 1370.5 |
           Zot |   4001 |   3829 |    172 |    815 |   1396 |   5 |  800.2 |
         Trove |     62 |     62 |      0 |      0 |      0 |   1 |   62.0 |
       Ossuary |    297 |    297 |      0 |    107 |     67 |   1 |  297.0 |
        Bailey |    723 |    723 |      0 |     61 |    154 |   1 |  723.0 |
      Ice Cave |    493 |    493 |      0 |    154 |     49 |   1 |  493.0 |
        Wizlab |    586 |    586 |      0 |    288 |      0 |   1 |  586.0 |
      Gauntlet |    510 |    510 |      0 |    100 |    103 |   1 |  510.0 |
               +--------+--------+--------+--------+--------+-----+--------+

Top non-repeatable levels by time:
     D:7: 2032 daAuts
     D:8: 1944 daAuts
   Elf:3: 1837 daAuts
   Zot:5: 1731 daAuts
Depths:3: 1623 daAuts
  Lair:5: 1536 daAuts
  Lair:3: 1532 daAuts
     D:4: 1491 daAuts
Depths:1: 1441 daAuts
     D:9: 1392 daAuts
   Elf:2: 1386 daAuts
     D:3: 1318 daAuts
Vaults:1: 1297 daAuts
Depths:2: 1233 daAuts
Depths:4: 1184 daAuts
